Description

TVP Mega build up with counter normal cheesse.

Build Order

Get SALT Encoding   

  13  00:01  SCV  
  14  0:13  SCV  
  14  0:17  Supply Depot  
  15  0:25  SCV  
  16  0:39  SCV  
  16  0:41  Barracks  
  17  0:51  SCV  
  17  0:53  Refinery  One SCV to scout
  18  1:03  SCV  
  19  1:15  SCV  Move SCV to refinery
  20  1:29  Marine, Orbital Command  
  20  1:50  Command Center  
  21  1:55  SCV  
  21  2:01  Supply Depot  
  21  2:02  Barracks Tech Lab  
  22  2:07  SCV  
  22  2:16  Factory  
  23  2:20  SCV  
  25  2:23  Marauder  
  25  2:29  Refinery  
  26  2:32  SCV  
  26  2:40  Bunker  
  27  2:44  SCV  
  28  2:47  Marine  Move SCV to refinery
  29  2:56  SCV  
  29  3:01  Starport  Move Factory to tech lab
  30  3:05  Orbital Command  
  30  3:08  SCV  
  33  3:15  Cyclone  
  34  3:21  SCV  
  34  3:23  Refinery  
  34  3:24  Barracks Tech Lab  Prepare for starport
  35  3:31  SCV  SCVs second base production
  35  3:33  Supply Depot  Block the second base exit
  35  3:35  Refinery  
  40  3:48  Hellion  Starport takes barrack tech lab
  42  3:52  Raven  Move SCVs to refinery
  43  3:58  Supply Depot  
  48  4:10  Siege Tank  
  50  4:22  Supply Depot  
  50  4:25  Factory  
  50  4:27  Barracks Reactor  Prepare for factory
  51  4:35  Armory  
Spawning Tool Build Advisor. Get it on Overwolf

Go to:

Details

  • Created by: wyxzyk
  • Published on: May 29, 2020
  • Modified on: May 29, 2020
  • Patch: 4.11.0
  • Difficulty: Medium
Show
View Real Time Build Order
Export as new Build Order

Comments (0)

There are no comments. Be the first!

Create an account to comment!